 Dungeon Crawl Stone Soup version 0.30-b1-2-g02819fbbbe (webtiles) character file.

Game seed: 3862445183377017189

11 Alarkh the Sneak (level 2, -4/24 HPs)
             Began as a Demonspawn Delver on May 22, 2023.
             Slain by an iguana (11 damage)
             ... on level 3 of the Dungeon.
             The game lasted 00:01:14 (576 turns).

Alarkh the Sneak (Demonspawn Delver)                 Turns: 576, Time: 00:01:15

Health: -4/24      AC:  3    Str: 12    XL:     2   Next: 13%
Magic:  2/2        EV: 11    Int: 11    God:
Gold:   40         SH:  0    Dex: 14    Spells: 1/1 levels left

rFire   . .          .
                       - Unarmed
rCold   . . .        (no shield)
rNeg    . . .        a - +0 leather armour
rPois   .            (no helmet)
rElec   .            (no cloak)
rCorr   .            (no gloves)
SInv    .            (no boots)
Will    .....        (no amulet)
Stlth   ++           (no ring)
HPRegen 0.24/turn    (no ring)
MPRegen 0.08/turn

%: no passive effects
@: attractive
A: spiny 1
a: no special abilities


You were on level 3 of the Dungeon.
You visited 1 branch of the dungeon, and saw 3 of its levels.

You collected 40 gold pieces.

Inventory:

Armour
 a - a +0 leather armour (worn)
Jewellery
 j - a ring of resist corrosion
Wands
 f - a wand of digging (3)
Scrolls
 b - a scroll of fog
 c - a scroll of magic mapping
 d - a scroll of fear
 e - a scroll of silence {unknown}
 g - a scroll of vulnerability {unknown}
 h - 2 scrolls of identify {unknown}


   Skills:
 - Level 3.0 Fighting
 - Level 1.7 Dodging
 - Level 4.5 Stealth
 + Level 2.6 Unarmed Combat


You had one spell level left.
You didn't know any spells.
Your spell library contained the following spells:

 Spells                   Type           Power      Damage    Failure   Level
 Malign Gateway           Summ/Tloc      0%         N/A       100%        7
 Summon Horrible Things   Summ           0%         N/A       100%        8


Dungeon Overview and Level Annotations

Branches:
Dungeon (5/15)
 Temple: D:4-7

Altars:


Innate Abilities, Weirdness & Mutations

You are partially covered in sharp spines.


Message History

You barely miss the iguana.
The iguana is moderately wounded.
The iguana bites you.
You hit the iguana.
The iguana is moderately wounded.
The iguana barely misses you.
You barely miss the iguana.
The iguana is moderately wounded.
The iguana bites you!
Ouch! That really hurt!
You are too injured to fight recklessly!
You are too injured to fight recklessly!
You are too injured to fight recklessly!
You are too injured to fight recklessly!
You are too injured to fight recklessly!
You are too injured to fight recklessly!
You are too injured to fight recklessly!
You are too injured to fight recklessly!
It was a potion of magic.
Magic courses through your body. The iguana barely misses you.
It was a potion of attraction.
You feel attractive to monsters. The iguana is struck by your spines.
The iguana barely misses you.
You closely miss the iguana.
The iguana is heavily wounded.
The iguana misses you.
You hit the iguana.
The iguana is severely wounded.
The iguana closely misses you.
You hit the iguana but do no damage.
The iguana is severely wounded.
The iguana bites you.
* * * LOW HITPOINT WARNING * * *
You hit the iguana but do no damage.
The iguana is severely wounded.
The iguana bites you but does no damage.
You hit the iguana.
The iguana is severely wounded.
The iguana is struck by your spines. The iguana bites you!
You die...

#..# ...# #..#
#..# ##$.# .B.
#l# #@# #.#
##.####.##
##.........
######...####.##
#.............#
#.'########+..#
#.#........# .
#.#.'####+.#.#


You could see an iguana and a giant cockroach.

Vanquished Creatures
  An orc (D:3)
  2 endoplasms
  2 goblins
  A hobgoblin (D:4)
  A ball python (D:4)
  2 kobolds (D:4)
9 creatures vanquished.

Notes
Turn   | Place    | Note
-------+----------+-------------------------------------------
     0 | D:5      | Alarkh the Demonspawn Delver began the quest for the Orb.
     0 | D:5      | Reached XP level 1. HP: 18/18 MP: 1/1
    75 | D:5      | Noticed a kobold brigand
   140 | D:4      | Noticed a scorpion
   488 | D:3      | Gained mutation: You are partially covered in sharp spines.
                  | [demonic ancestry]
   488 | D:3      | Reached XP level 2. HP: 22/24 MP: 2/2
   576 | D:3      | Slain by an iguana

Illustrated notes

Levels and vault maps discovered:
D:3:      layout_loops_corners, minivault_11
D:4:      layout_basic
D:5:      layout_loops_ring, led_sif_pool, old_standard_altar, temple_statues,
          gammafunk_ghost_nasty_kobolds, chequers_serial_rivers_marsh

Skill      XL: |  1 |
---------------+----+-----
Unarmed Combat | 2 |  2.6
Fighting       | |  3.0
Dodging        | |  1.7
Stealth        | |  4.5

Action                     || total
---------------------------++-------
  Melee: Unarmed           ||    40
         Punch             ||     1
    Use: Potion            ||     3
 Armour: Leather armour    ||     7
  Dodge: Dodged            ||    23
